 Dungeon Crawl Stone Soup version 0.23-a0-393-g6e9e0f2 (webtiles) character file.

295 XanderDroid the Magician (level 6, 0/44 HPs)
             Began as a Gnoll Wizard on Oct 31, 2018.
             Slain by a gnoll
             ... wielding a +0 flail
              (13 damage)
             ... on level 3 of the Dungeon.
             The game lasted 00:16:31 (3477 turns).

XanderDroid the Magician (Gnoll Wizard)             Turns: 3477, Time: 00:16:32

Health: 0/44       AC:  3    Str:  9    XL:     6   Next: 34%
Magic:  1/16       EV: 15    Int: 22    God:
Gold:   105        SH:  0    Dex: 14    Spells: 5/19 levels left

rFire    . . .     SeeInvis .   x - +0 spear
rCold    . . .     Gourm    .   (no shield)
rNeg     . . .     Faith    .   a - +0 robe
rPois    .         Spirit   .   b - +0 hat
rElec    .         Reflect  .   (no cloak)
rCorr    .         Harm     .   o - +0 pair of gloves
MR       .....                  (no boots)
Stlth    +++.......             (no amulet)
HPRegen  0.14/turn              (no ring)
MPRegen  0.15/turn              (no ring)

@: no status effects
A: distributed training, fangs 1, strong nose
a: no special abilities


You were on level 3 of the Dungeon.
You were not hungry.

You visited 1 branch of the dungeon, and saw 3 of its levels.

You collected 105 gold pieces.

Inventory:

Hand Weapons
 x - a +0 spear (weapon)
Armour
 a - a +0 robe (worn)
 b - a +0 hat (worn)
 o - a +0 pair of gloves (worn)
Scrolls
 c - 2 scrolls of remove curse
 e - 2 scrolls of amnesia
 f - a scroll of fog {unknown}
 h - a scroll of teleportation
 k - a scroll of random uselessness {unknown}
 l - 2 scrolls of enchant armour {unknown}
 q - a scroll of blinking {unknown}
 t - a scroll of magic mapping {unknown}
 u - 3 scrolls of identify {unknown}
 w - a scroll of immolation {unknown}
Potions
 g - 2 potions of might {unknown}
 i - 3 potions of resistance {unknown}
 j - a potion of haste {unknown}
 n - a potion of invisibility {unknown}
 p - 2 potions of lignification {unknown}
 r - a potion of curing {unknown}
 s - 2 potions of mutation {unknown}
 v - a potion of agility {unknown}
Comestibles
 d - 8 rations
 m - 5 chunks of flesh


   Skills:
 + Level 1.9 Fighting
 + Level 1.9 Short Blades
 + Level 1.9 Long Blades
 + Level 1.9 Axes
 + Level 1.9 Maces & Flails
 + Level 1.9 Polearms
 + Level 1.9 Staves
 + Level 1.9 Slings
 + Level 1.9 Bows
 + Level 1.9 Crossbows
 + Level 1.9 Throwing
 + Level 1.9 Armour
 + Level 4.9 Dodging
 + Level 4.5 Stealth
 + Level 1.9 Shields
 + Level 1.9 Unarmed Combat
 + Level 7.4 Spellcasting
 + Level 2.6 Conjurations
 + Level 1.5 Hexes
 + Level 1.5 Charms
 + Level 2.6 Summonings
 + Level 1.5 Necromancy
 + Level 2.6 Translocations
 + Level 1.5 Transmutations
 + Level 1.5 Fire Magic
 + Level 1.5 Ice Magic
 + Level 1.5 Air Magic
 + Level 1.5 Earth Magic
 + Level 1.5 Poison Magic
 + Level 2.1 Invocations
 + Level 1.9 Evocations


You had 5 spell levels left.
You knew the following spells:

 Your Spells              Type           Power        Failure   Level  Hunger
a - Magic Dart            Conj           ###.         2%          1    None
b - Blink                 Tloc           N/A          4%          2    None
c - Call Imp              Summ           ###.....     4%          2    None
d - Conjure Flame         Conj/Fire      ###.....     11%         3    None
e - Mephitic Cloud        Conj/Pois/Air  ###.....     11%         3    None
f - Confuse               Hex            ##......     13%         3    None

Your spell library contained the following spells:

 Spells                   Type           Power        Failure   Level  Hunger
 Corona                   Hex            ##.....      4%          1    None
 Ensorcelled Hibernation  Hex/Ice        ##....       6%          2    None
 Slow                     Hex            ##......     6%          2    None
 Dazzling Spray           Conj/Hex       ###...       11%         3    None
 Tukima's Dance           Hex            ##......     13%         3    None


Dungeon Overview and Level Annotations

Branches:
Dungeon (3/15)

Altars:

Annotations:
D:2 exclusion: sky beast


Innate Abilities, Weirdness & Mutations

Your experience applies equally to all skills.
You have very sharp teeth.
Your uncanny sense of smell can sniff out nearby items.


Message History

Aiming: Magic Dart (safe; 2% risk of failure)
Press: ? - help, Shift-Dir - straight line, f/p - gnoll
Aim: a gnoll, wielding a +0 flail (moderately wounded)
The magic dart hits the gnoll.
The gnoll is moderately wounded.
The gnoll hits you with a +0 flail!
* * * LOW HITPOINT WARNING * * *
Casting: Magic Dart (safe; 2% risk of failure)
Confirm with . or Enter, or press ? or * to list all spells.
Aiming: Magic Dart (safe; 2% risk of failure)
Press: ? - help, Shift-Dir - straight line, f/p - gnoll
Aim: a gnoll, wielding a +0 flail (moderately wounded)
The magic dart hits the gnoll.
The gnoll is severely wounded.
The gnoll closely misses you.
You closely miss the gnoll. You punch the gnoll.
You bite the gnoll, but do no damage.
The gnoll is almost dead.
The gnoll hits you with a +0 flail!
You die...

#.............### #..........#.#
#.#####...###.# #...#####..#..
#.#####......)# #...# #..##.
.....##..#.##.# #...# #.....
#.##.##..#.##.# #...######.)..
#.............######.......##.##.
####......>#####.........#.##.##.
######.#########.###...#...##.##.
..)......†.....g@.....)...P.....#
≈≈≈≈≈..).≈≈≈≈≈≈≈≈≈≈≈≈≈≈≈≈≈≈≈....#
≈≈≈≈≈....≈≈≈≈≈≈≈≈≈≈≈≈≈≈≈≈≈≈≈...[#
≈≈≈≈≈....≈≈≈≈≈≈≈≈≈≈≈≈#####≈≈....#
.....................#ggg#≈≈....#
#####''''#############gg.#≈≈....#
#....# #g###≈≈P...# #....#
..#.≈≈≈....# #.≈≈≈.÷..#


You could see a gnoll.

Vanquished Creatures
  A bullfrog (D:2)
  An orc priest (D:3)
  5 gnolls (D:3)
  7 adders
  An ooze (D:1)
  A worm (D:3)
  2 dart slugs (D:1)
  3 leopard geckos
  7 orcs
  2 ball pythons
  3 bats (D:2)
  4 giant cockroaches
  10 goblins
  9 hobgoblins
  13 jackals (D:3)
  7 kobolds
  A quokka (D:3)
  5 frilled lizards
  A quokka skeleton (D:2)
  8 rats
91 creatures vanquished.

Vanquished Creatures (collateral kills)
  A dart slug (D:2)
  A goblin (D:2)
  3 jackals (D:3)
  A rat (D:2)
6 creatures vanquished.

Grand Total: 97 creatures vanquished

Notes
Turn   | Place    | Note
-------+----------+-------------------------------------------
     0 | D:1      | XanderDroid the Gnoll Wizard began the quest for the Orb.
     0 | D:1      | Reached XP level 1. HP: 13/13 MP: 8/8
   107 | D:1      | Reached XP level 2. HP: 19/19 MP: 2/10
   111 | D:1      | Learned a level 2 spell: Blink
   114 | D:1      | Learned a level 2 spell: Call Imp
   784 | D:1      | Reached XP level 3. HP: 25/25 MP: 8/11
   789 | D:1      | Learned a level 3 spell: Conjure Flame
   793 | D:1      | Learned a level 3 spell: Mephitic Cloud
  1328 | D:2      | Noticed a bullfrog
  1348 | D:2      | Killed a bullfrog
  1348 | D:2      | Reached skill level 1 in Fighting
  1348 | D:2      | Reached skill level 1 in Short Blades
  1348 | D:2      | Reached skill level 1 in Long Blades
  1348 | D:2      | Reached skill level 1 in Axes
  1348 | D:2      | Reached skill level 1 in Maces & Flails
  1348 | D:2      | Reached skill level 1 in Polearms
  1348 | D:2      | Reached skill level 1 in Staves
  1348 | D:2      | Reached skill level 1 in Slings
  1348 | D:2      | Reached skill level 1 in Bows
  1348 | D:2      | Reached skill level 1 in Crossbows
  1348 | D:2      | Reached skill level 1 in Throwing
  1348 | D:2      | Reached skill level 1 in Armour
  1348 | D:2      | Reached skill level 1 in Shields
  1348 | D:2      | Reached skill level 1 in Unarmed Combat
  1348 | D:2      | Reached skill level 1 in Invocations
  1348 | D:2      | Reached skill level 1 in Evocations
  1348 | D:2      | Reached XP level 4. HP: 5/32 MP: 3/13
  1701 | D:2      | Noticed a sky beast
  1761 | D:2      | Reached skill level 1 in Hexes
  1761 | D:2      | Reached skill level 1 in Charms
  1761 | D:2      | Reached skill level 1 in Necromancy
  1761 | D:2      | Reached skill level 1 in Transmutations
  1761 | D:2      | Reached skill level 1 in Fire Magic
  1761 | D:2      | Reached skill level 1 in Ice Magic
  1761 | D:2      | Reached skill level 1 in Air Magic
  1761 | D:2      | Reached skill level 1 in Earth Magic
  1761 | D:2      | Reached skill level 1 in Poison Magic
  1872 | D:2      | Reached XP level 5. HP: 37/37 MP: 5/14
  2753 | D:3      | Reached XP level 6. HP: 44/44 MP: 9/16
  3240 | D:3      | Learned a level 3 spell: Confuse
  3477 | D:3      | Slain by a gnoll

Vault maps used:
D:1:      minmay_arrival_split_and_join, minmay_statues_item
D:2:      minmay_quantized
D:3:      lemuel_castle_with_subvaults

Skill      XL: |  1  2  3  4  5  6 |
---------------+-------------------+-----
Conjurations   | 2 |  2.6
Summonings     | 2 |  2.6
Translocations | 2 |  2.6
Fighting       | 1 |  1.9
Short Blades   | 1 |  1.9
Long Blades    | 1 |  1.9
Axes           | 1 |  1.9
Maces & Flails | 1 |  1.9
Polearms       | 1 |  1.9
Staves         | 1 |  1.9
Slings         | 1 |  1.9
Bows           | 1 |  1.9
Crossbows      | 1 |  1.9
Throwing       | 1 |  1.9
Armour         | 1 |  1.9
Shields        | 1 |  1.9
Unarmed Combat | 1 |  1.9
Invocations    | 1 2 |  2.1
Evocations     | 1 |  1.9
Hexes          | 1 |  1.5
Charms         | 1 |  1.5
Necromancy     | 1 |  1.5
Transmutations | 1 |  1.5
Fire Magic     | 1 |  1.5
Ice Magic      | 1 |  1.5
Air Magic      | 1 |  1.5
Earth Magic    | 1 |  1.5
Poison Magic   | 1 |  1.5
Dodging        | |  4.9
Stealth        | |  4.5
Spellcasting   | |  7.4

Action                   |  1- 3 |  4- 6 || total
-------------------------+-------+-------++-------
Melee: Dagger            |     5 |       ||     5
       Unarmed           |     2 |       ||     2
       Short sword       |     8 |    44 ||    52
       Bite              |     1 |     4 ||     5
       Spear             |       |    14 ||    14
       Punch             |       |     1 ||     1
 Cast: Magic Dart        |    52 |   170 ||   222
       Call Imp          |     2 |     1 ||     3
       Mephitic Cloud    |       |     2 ||     2
  Use: Scroll            |       |     3 ||     3
 Stab: Sleeping          |     2 |       ||     2
  Eat: Chunk             |     1 |     7 ||     8
Armor: Robe              |     5 |    21 ||    26
Dodge: Dodged            |    17 |   127 ||   144

Table legend:
 A = Non-vault XP
 B = Vault XP
 C = Vault XP percentage of total XP
 D = Non-vault monster count
 E = Vault monster count
 F = Vault count percentage of total count
                 A         B        C        D         E       F
            +---------+---------+-------+---------+---------+-------
      Total |     306 |     116 |  27.5 |      72 |      25 |  25.8
            +---------+---------+-------+---------+---------+-------
        D:1 |      41 |       0 |   0.0 |      16 |       0 |   0.0
        D:2 |     165 |      20 |  10.8 |      34 |       6 |  15.0
        D:3 |     100 |      96 |  49.0 |      22 |      19 |  46.3
            +---------+---------+-------+---------+---------+-------
